cohdb
Replays
Latest Replays
All Replays
Popular Replays
Top Player Replays
Match Explorer
How It Works
Community
CoH3 Stats
Reddit
Sign in to upload your games and track your stats! →
Sign in with Steam
Match 41030672
Unlisted
Match 41030672
Overview
Messages
Build Orders
End
Construct Barracks
Engineer Squad
1⁄4-ton 4x4 Truck
Riflemen Squad
Riflemen Squad
Air Support Center
M1 Mortar Team
Grasshopper Recon Run
Construct Medical Station
Selects Heavy Weapons
Selects Heavy Weapons
Construct Motor Pool
Selects Assault Carriers
M8 Greyhound Armored Car
Grasshopper Recon Run
M1918 Browning Automatic Rifles
Grasshopper Recon Run
Selects Halftrack Strongpoints
M1 Anti-tank Gun Team
Riflemen Squad
Double Sortie
Grasshopper Recon Run
Construct Tank Depot
Grasshopper Recon Run
P-47 Dive Bomb
Pob
Pob
Pob
[EL] Salty Banter
这游戏太难了
KeineZeit
0
0
Comments
sign in to comment!
No comments posted yet!